Map: Lerilak Crest

Players

LiquidMaNa (MaNa) - Winner!

  • Race: Protoss Protoss
  • League: Grandmaster

Reynor

  • Race: Zerg Zerg
  • League: Grandmaster

Event: Corsair Cup 14

VOD

Have the link to the VOD?

Description

Time

  • Played on: March 21, 2016, 2:04 p.m.
  • Length: 18:13

All games in this series

Show
View Real Time Build Order
Export as new Build Order

LiquidMaNa Protoss - Winner!

Build Orders: 1 Gate Expand, Phoenix Opening 

Get SALT Encoding   

  12  0:00  Probe (Chrono Boost)  
  13  0:11  Probe (Chrono Boost)  
  14  0:22  Probe (Chrono Boost)  
  14  0:24  Pylon  
  16  0:42  Gateway  
  16  0:43  Probe (Chrono Boost)  
  16  0:50  Assimilator  
  16  0:53  Probe (Chrono Boost)  
  17  1:04  Probe (Chrono Boost)  
  18  1:14  Probe (Chrono Boost)  
  19  1:25  Nexus  
  19  1:29  Probe (Chrono Boost)  
  20  1:40  Cybernetics Core  
  20  1:44  Probe (Chrono Boost)  
  21  1:51  Assimilator  
  21  1:55  Probe (Chrono Boost)  
  22  2:01  Pylon  
  22  2:06  Probe (Chrono Boost)  
  23  2:18  Warp Gate  
  23  2:19  Adept, Probe (Chrono Boost)  
  27  2:30  Probe (Chrono Boost)  
  27  2:38  Probe (Chrono Boost)  
  27  2:40  Stargate, Probe (Chrono Boost)  
  29  2:46  Adept  
  29  2:49  Probe (Chrono Boost)  
  32  2:54  Mothership Core (Chrono Boost)  
  34  3:00  Pylon  
  34  3:01  Probe (Chrono Boost)  
  35  3:12  Probe (Chrono Boost)  
  36  3:15  Probe (Chrono Boost)  
  37  3:22  Probe (Chrono Boost)  
  37  3:23  Phoenix (Chrono Boost)  
  37  3:25  Probe (Chrono Boost)  
  41  3:29  Gateway  
  41  3:33  Probe  
  42  3:35  Gateway  
  42  3:37  Sentry  
  42  3:39  Probe  
  45  3:46  Probe  
  46  3:49  Probe  
  46  3:50  Phoenix (Chrono Boost)  
  46  3:55  Pylon  
  49  3:58  Probe  
  50  4:04  Pylon  
  50  4:12  Phoenix (Chrono Boost), Probe  
  53  4:23  Sentry  
  55  4:25  Assimilator  
  55  4:26  Probe  
  55  4:27  Probe  
  57  4:31  Assimilator  
  57  4:36  Probe  
  57  4:37  Nexus  
  58  4:40  Phoenix (Chrono Boost)  
  58  4:45  Pylon, Probe  
  60  4:47  Pylon, Probe  
  62  4:57  Robotics Facility  
  62  4:58  Probe x2  
  63  5:05  Phoenix (Chrono Boost)  
  66  5:09  Probe  
  66  5:10  Probe  
  68  5:14  Forge  
  68  5:19  Probe  
  69  5:21  Pylon  
  69  5:22  Probe  
  70  5:35  Zealot x2  
  70  5:36  Zealot  
  70  5:37  Twilight Council  
  70  5:38  Pylon  
  70  5:42  Pylon  
  76  5:47  Immortal  
  78  5:55  Protoss Ground Weapons Level 1 (Chrono Boost)  
  80  5:58  Probe  
  80  5:59  Probe x2  
  80  6:02  Sentry  
  85  6:12  Pylon  
  85  6:19  Probe x2  
  85  6:21  Phoenix  
  87  6:28  Templar Archives, Assimilator  
  87  6:29  Probe, Assimilator  
  87  6:30  Immortal  
  87  6:31  Probe x2  
  94  6:41  Robotics Bay  
  94  6:47  Robotics Facility, Probe  
  94  6:49  Probe x2  
  97  6:55  Pylon  
  97  6:58  Probe  
  97  6:59  Zealot  
  97  7:00  Zealot x2  
  97  7:01  Probe x2  
  106  7:04  Warp Prism  
  106  7:09  Charge (Chrono Boost)  
  108  7:25  Probe x3  
  108  7:29  Pylon  
  111  7:36  Disruptor (Chrono Boost)  
  111  7:39  Disruptor (Chrono Boost)  
  111  7:40  Protoss Ground Weapons Level 2 (Chrono Boost)  
  115  7:49  Gateway  
  115  7:50  Gateway  
  115  7:52  Gateway, Zealot  
  115  7:53  Zealot x2  
  121  8:00  Gateway  
  121  8:02  Gateway  
  121  8:03  Oracle  
  121  8:04  Gateway  
  124  8:12  Disruptor x2 (Chrono Boost)  
  130  8:16  Pylon  
  128  8:26  Nexus  
  128  8:31  Pylon  
  128  8:33  Pylon  
  128  8:40  Gateway, High Templar x3  
  134  8:44  Immortal x2 (Chrono Boost)  
  134  8:45  Archon  
  142  8:50  High Templar  
  142  8:51  Photon Cannon  
  142  8:52  Zealot x2  
  142  8:55  Archon  
  148  8:59  Pylon  
  148  9:01  Photon Cannon  
  148  9:04  Zealot x3  
  154  9:10  Assimilator  
  154  9:14  Assimilator  
  150  9:27  Immortal x2 (Chrono Boost)  
  148  9:54  High Templar x4  
  148  9:55  Zealot x4  
  148  9:56  Zealot  
  148  9:58  Archon  
  148  9:59  Archon  
  166  10:01  Immortal x2 (Chrono Boost)  
  166  10:06  Protoss Ground Weapons Level 3  
  168  10:21  Zealot  
  168  10:22  Zealot x4  
  168  10:27  Phoenix  
  180  10:35  Warp Prism (Chrono Boost)  
  168  10:51  Zealot x6  
  168  10:52  Zealot x3  
  186  10:58  Psionic Storm  
  186  11:12  High Templar x4  
  186  11:26  Archon  
  186  11:27  Zealot x5  
  171  11:46  Zealot x4  
  169  11:59  Zealot x5  
  158  12:08  Zealot x4  
  158  12:13  Disruptor x2 (Chrono Boost)  
  164  12:26  High Templar x4  
  169  12:35  Stargate  
  169  12:36  Archon x2, Fleet Beacon  
  165  12:37  High Templar x4  
  168  12:45  Probe x2  
  168  12:46  Nexus  
  168  12:50  Sentry x2  
  171  12:54  Probe  
  171  12:55  Probe  
  171  12:57  Probe x2  
  175  13:04  Probe  
  173  13:07  Probe  
  173  13:09  Probe  
  173  13:10  Pylon  
  173  13:12  Pylon, Immortal x2 (Chrono Boost)  
  184  13:40  High Templar x4  
  184  13:41  High Templar x2  
  184  13:45  Archon x3  
  184  13:48  Zealot x4  
  192  14:16  Tempest  
  194  14:55  Pylon  
  194  14:59  High Templar x3  
  200  15:06  Gateway  
  186  15:08  Gateway  
  186  15:10  Archon  
  172  15:17  Zealot  
  172  15:18  Zealot x6  
  173  15:28  Photon Cannon  
  173  15:30  Photon Cannon  
  173  15:32  Photon Cannon  
  173  15:33  Photon Cannon  
  173  15:34  Anion Pulse-Crystals  
  171  15:39  Nexus  
  171  15:40  Nexus  
  169  15:43  High Templar x2  
  169  15:46  Pylon x2  
  169  15:48  Pylon  
  173  16:00  Protoss Ground Armor Level 1  
  173  16:06  Observer Gravitic Boosters, Observer (Chrono Boost)  
  173  16:08  Tempest  
  173  16:09  Tempest  
  178  16:37  Zealot  
  178  16:38  Zealot x4  
  177  16:46  Archon  
  168  16:52  Probe x4 (Chrono Boost)  
  172  16:58  Probe (Chrono Boost)  
  173  17:03  Probe (Chrono Boost)  
  173  17:07  Oracle  
  177  17:25  High Templar x4  
  185  17:32  Archon x2  
Show
View Real Time Build Order
Export as new Build Order

Reynor Zerg 

Build Orders: Hatch First, Lurkers 

Get SALT Encoding   

  12  0:00  Drone  
  13  0:13  Overlord  
  13  0:17  Drone  
  14  0:22  Extractor  
  14  0:23  Drone  
  15  0:33  Drone  
  15  0:35  Drone  
  17  0:55  Hatchery  
  17  0:56  Drone  
  17  1:06  Drone  
  18  1:15  Spawning Pool  
  18  1:16  Drone  
  18  1:21  Extractor  
  18  1:22  Drone  
  18  1:30  Drone  
  19  1:39  Overlord  
  19  1:50  Drone  
  20  2:00  Drone  
  21  2:02  Queen  
  21  2:07  Drone, Queen  
  26  2:12  Zergling x2  
  27  2:18  Drone  
  28  2:22  Metabolic Boost  
  28  2:25  Drone  
  28  2:28  Drone  
  30  2:37  Zergling x2  
  30  2:40  Drone  
  32  2:51  Hatchery  
  32  2:52  Overlord  
  31  3:02  Zergling x4  
  31  3:03  Drone  
  34  3:05  Drone  
  34  3:10  Queen  
  34  3:12  Drone  
  38  3:16  Overlord  
  38  3:17  Drone x3  
  38  3:19  Zergling x2  
  42  3:20  Zergling x2  
  42  3:23  Drone  
  44  3:30  Spore Crawler  
  44  3:31  Drone  
  44  3:37  Drone  
  44  3:39  Drone  
  46  3:45  Zergling x2  
  46  3:47  Drone x2  
  46  3:48  Drone x3  
  52  3:50  Overlord  
  52  4:01  Overlord  
  51  4:03  Drone  
  51  4:05  Queen  
  51  4:07  Drone  
  55  4:11  Drone  
  55  4:12  Extractor, Drone  
  55  4:14  Drone  
  57  4:23  Drone x3  
  57  4:24  Drone  
  61  4:30  Overlord  
  61  4:33  Drone  
  64  4:38  Queen  
  64  4:39  Lair  
  64  4:40  Extractor  
  64  4:42  Overlord  
  63  4:51  Drone x4  
  63  4:52  Drone x2  
  69  4:55  Extractor, Queen  
  69  4:57  Drone x2  
  72  5:02  Spore Crawler  
  72  5:03  Overlord  
  72  5:05  Overlord  
  71  5:13  Overlord  
  71  5:19  Overlord  
  71  5:22  Drone x3  
  71  5:26  Overlord, Evolution Chamber  
  71  5:27  Drone x2  
  71  5:28  Drone x3  
  75  5:36  Queen x2  
  75  5:39  Drone x4, Hydralisk Den  
  75  5:40  Drone  
  83  5:43  Drone, Spore Crawler  
  83  5:48  Drone x3, Spore Crawler  
  85  5:50  Drone x2  
  85  5:54  Drone x3  
  85  5:55  Extractor  
  85  5:56  Zerg Missile Weapons Level 1  
  89  5:58  Drone  
  89  5:59  Drone  
  91  6:12  Extractor, Muscular Augments  
  88  6:18  Drone x2  
  88  6:19  Drone  
  88  6:23  Drone  
  90  6:27  Hydralisk  
  90  6:28  Hydralisk x4  
  90  6:32  Hydralisk x2  
  104  6:33  Hatchery  
  103  6:42  Spore Crawler  
  103  6:45  Drone x2  
  103  6:46  Hydralisk  
  106  6:48  Overlord x3  
  106  6:50  Spore Crawler  
  104  7:00  Drone  
  104  7:01  Roach Warren  
  104  7:05  Hydralisk x2  
  104  7:06  Hydralisk x5  
  118  7:14  Hydralisk x3  
  124  7:21  Overlord x3  
  124  7:27  Hydralisk  
  124  7:28  Hydralisk  
  124  7:29  Lurker Den  
  128  7:34  Drone x2  
  128  7:35  Drone x5  
  129  7:45  Hydralisk x2  
  129  7:46  Hydralisk x2  
  129  7:50  Drone x4  
  141  7:53  Zerg Missile Weapons Level 2  
  141  7:59  Drone x4  
  141  8:02  Hydralisk  
  141  8:03  Hydralisk  
  149  8:06  Overlord  
  149  8:08  Hydralisk  
  151  8:13  Spore Crawler  
  151  8:15  Overlord  
  151  8:17  Glial Reconstitution  
  147  8:28  Roach  
  147  8:29  Roach x8  
  162  8:36  Extractor, Overlord  
  162  8:37  Overlord  
  162  8:38  Overseer x2  
  162  8:40  Roach  
  162  8:41  Roach x3  
  169  8:44  Overlord  
  169  8:45  Overlord  
  169  8:56  Lurker x2  
  169  8:57  Roach x7  
  169  8:58  Lurker  
  169  8:59  Lurker  
  187  9:08  Spine Crawler  
  186  9:10  Spine Crawler  
  186  9:11  Spine Crawler  
  186  9:12  Roach x5  
  186  9:14  Lurker x2  
  190  9:49  Hydralisk x4  
  190  9:52  Hydralisk x6  
  169  9:58  Roach x8  
  195  10:03  Hydralisk x2  
  195  10:04  Hydralisk  
  191  10:10  Hydralisk  
  186  10:15  Hydralisk x3  
  172  10:22  Hydralisk x3  
  172  10:25  Infestation Pit  
  172  10:26  Hydralisk  
  178  10:28  Lurker  
  178  10:30  Roach  
  178  10:35  Zergling x12, Extractor  
  180  10:36  Zergling x2  
  170  10:45  Zergling x6  
  170  10:47  Lurker x3  
  176  10:51  Roach x3  
  176  10:54  Spore Crawler  
  176  10:55  Spore Crawler  
  180  10:58  Roach x2  
  180  10:59  Roach x4, Spore Crawler  
  191  11:05  Roach x4  
  186  11:32  Hydralisk x5  
  155  11:34  Roach  
  155  11:35  Roach x10  
  170  11:43  Hydralisk x2  
  152  11:52  Hydralisk x3  
  154  11:59  Hydralisk x2  
  154  12:00  Hydralisk x2  
  148  12:04  Roach x2  
  141  12:13  Hydralisk  
  141  12:14  Hydralisk x2  
  145  12:16  Lurker x2  
  145  12:22  Roach x2  
  149  12:30  Hydralisk x3  
  149  12:34  Roach  
  155  12:39  Roach x2  
  155  12:42  Hydralisk x4  
  155  12:56  Roach x3  
  161  13:00  Lurker x3  
  161  13:04  Lurker  
  165  13:08  Hatchery  
  160  13:14  Lurker x4  
  160  13:15  Lurker x2  
  166  13:27  Zergling x2  
  166  13:28  Zergling x14  
  174  13:37  Roach x5  
  184  13:57  Roach  
  184  13:58  Roach x4  
  184  14:02  Hive  
  172  14:32  Hydralisk x4  
  169  14:45  Roach  
  169  14:46  Hydralisk, Roach x3  
  169  14:50  Hydralisk  
  166  14:53  Roach  
  166  14:56  Roach  
  165  15:00  Roach  
  165  15:02  Roach  
  152  15:13  Hydralisk  
  145  15:16  Viper  
  128  15:25  Viper  
  97  15:30  Viper  
  100  15:44  Lurker  
  100  15:45  Lurker x3  
  104  15:50  Hydralisk  
  106  16:00  Hydralisk  
  108  16:08  Hydralisk  
  92  16:28  Hydralisk x2  
  92  16:55  Hydralisk  
  94  17:18  Ravager x2  
  94  17:19  Ravager x2  
  94  17:20  Ravager  
  94  17:22  Ravager  
  100  17:42  Hydralisk  
  100  17:43  Hydralisk  
Tags
 
Add a new tag
Caveats
  • Supply blocks, unpowered buildings, or Contaminate may cause inaccurate times.
  • Supply counts are checked every 10 seconds.